 Dungeon Crawl Stone Soup version 0.31-a0-210-gccc998df9b (webtiles) character file.

Game seed: 8130343441946804396

154 qw the Shooter (level 5, -1/30 HPs)
             Began as a Gargoyle Hexslinger on June 29, 2023.
             Slain by a gnoll
             ... wielding a +0 spear
              (4 damage)
             ... on level 3 of the Dungeon.
             The game lasted 00:00:52 (2208 turns).

qw the Shooter (Gargoyle Hexslinger)                Turns: 2208, Time: 00:00:53

Health: -1/30      AC: 10    Str: 12    XL:     5   Next: 36%
Magic:  6/6        EV: 15    Int: 13    God:
Gold:   65         SH:  0    Dex: 14    Spells: 5/6 levels left

rFire   . . .        Y - +1 sling
rCold   . . .        (no shield)
rNeg    + . .        e - +0 ring mail
rPois   inf          (no helmet)
rElec   +            (no cloak)
rCorr   .            (no gloves)
SInv    .            h - +0 pair of boots
Will    .....        (no amulet)
Stlth   +            f - +5 ring of evasion
HPRegen 0.25/turn    (no ring)
MPRegen 0.10/turn

%: no passive effects
@: no status effects
A: sickness immunity, AC +4, negative energy resistance 1, electricity
resistance, torment resistance 1, petrification resistance
a: no special abilities


You were on level 3 of the Dungeon.
You visited 1 branch of the dungeon, and saw 3 of its levels.

You collected 113 gold pieces.
You spent 48 gold pieces at shops.


Innate Abilities, Weirdness & Mutations

You are immune to sickness and miasma.
Your stone body is resilient. (AC +4)
You are immune to poison.
You resist negative energy. (rN+)
You are resistant to electric shocks. (rElec)
You are resistant to unholy torment.
You are immune to petrification.


   Skills:
 - Level 2.0 Fighting
 + Level 4.9 Ranged Weapons
 - Level 1.2 Armour
 - Level 1.5 Dodging
 - Level 1.0 Spellcasting
 - Level 2.6 Hexes


You had 5 spell levels left.
You knew the following spells:

 Your Spells              Type           Power      Damage    Failure   Level
a - Slow                  Hex            28%        N/A       22%         1

Your spell library contained the following spells:

 Spells                   Type           Power      Damage    Failure   Level
 Inner Flame              Hex/Fire       4%         N/A       73%         3
 Portal Projectile        Hex/Tloc       8%         N/A       73%         3
 Cause Fear               Hex            3%         N/A       91%         4

Inventory:

Hand Weapons
 Y - a +1 sling (weapon)
Armour
 e - a +0 ring mail (worn)
 h - a +0 pair of boots (worn)
Jewellery
 f - a +5 ring of evasion (left hand)
 k - a ring of fire
Scrolls
 a - a scroll of enchant weapon {unknown}
 i - a scroll of identify
Potions
 b - 2 potions of enlightenment
 c - 2 potions of heal wounds {unknown}
 g - 2 potions of curing {unknown}
 j - a potion of haste

Dungeon Overview and Level Annotations

Branches:
Dungeon (3/15)

Altars:

Shops:
D:1 =(   D:2 ?

Annotations:
D:2 1 runed translucent door, Crazy Yiuf


Message History

You shoot a sling bullet.
The sling bullet hits the gnoll but does no damage.
The gnoll is severely wounded.
The gnoll misses you.
You shoot a sling bullet.
The sling bullet barely misses the gnoll. x2
The gnoll hits you but does no damage.
You shoot a sling bullet. The sling bullet hits the gnoll.
You kill the gnoll!
The gnoll hits you but does no damage.
You shoot a sling bullet.
The sling bullet closely misses the gnoll.
The sling bullet hits the gnoll.
The gnoll is lightly wounded.
The gnoll hits you from afar with a +0 spear.
You shoot a sling bullet. The sling bullet hits the gnoll!
You kill the gnoll!
You shoot a sling bullet. The sling bullet hits the gnoll.
The gnoll is lightly wounded.
You shoot a sling bullet. The sling bullet hits the gnoll.
The gnoll is heavily wounded.
The gnoll closely misses you. The gnoll misses you.
The gnoll hits you with a +0 flail.
You shoot a sling bullet.
The sling bullet barely misses the gnoll.
The gnoll barely misses you.
The gnoll hits you from afar with a +0 spear.
You shoot a sling bullet.
The sling bullet closely misses the gnoll.
The gnoll completely misses you. The gnoll barely misses you.
You shoot a sling bullet.
The sling bullet closely misses the gnoll.
The gnoll hits you but does no damage. The gnoll closely misses you.
The gnoll misses you. The gnoll closely misses you.
You shoot a sling bullet.
The sling bullet hits the gnoll but does no damage.
The gnoll is heavily wounded.
The gnoll completely misses you.
The gnoll hits you from afar with a +0 spear.
You die...

#.####....##.#...##.........#
..# #.......###.##.........#
.### ######### #............#
###)#'######## ####.#.#
#....#.# #.####+# ####.#
#g@..# #.#### .g. ...## .....
.... ... ...


You could see 2 gnolls.

Vanquished Creatures
  Ijyb (D:3)
  Terence (D:2)
  2 gnolls (D:3)
  4 adders
  A dart slug (D:1)
  2 orcs
  8 ball pythons
  An endoplasm (D:1)
  3 giant cockroaches
  5 goblins (D:1)
  4 hobgoblins
  A quokka (D:1)
  2 bats (D:1)
  3 frilled lizards
  8 kobolds
  A rat (D:1)
47 creatures vanquished.

Notes
Turn   | Place    | Note
-------+----------+-------------------------------------------
     0 | D:1      | qw the Gargoyle Hexslinger began the quest for the Orb.
     0 | D:1      | Reached XP level 1. HP: 12/12 MP: 2/2
     0 | D:1      | 0 ||| qw: Version: 0.3-a-24-ga2abf7b
     0 | D:1      | 0 ||| qw: Game counter: 6891
     0 | D:1      | 0 ||| qw: Melee chars always use a shield: true
     0 | D:1      | 0 ||| qw: God list: Okawaru
     0 | D:1      | 0 ||| qw: Allow faded altars: false
     0 | D:1      | 0 ||| qw: Do Orc after clearing Dungeon:15 true
     0 | D:1      | 0 ||| qw: Do second Lair branch before Depths: true
     0 | D:1      | 0 ||| qw: Lair rune preference: random
     0 | D:1      | 0 ||| qw: Goals: Normal
     0 | D:1      | 0 ||| PLANNING D:1-11
    45 | D:1      | Found Irchalon's Jewellery Emporium.
    57 | D:1      | 57 ||| SHOPLISTING +6 ring of dexterity (504 gold, have 3).
    57 | D:1      | 57 ||| SHOPLISTING amulet of reflection (420 gold, have 3).
    57 | D:1      | 57 ||| SHOPLISTING amulet of regeneration (420 gold, have
                  | 3).
    57 | D:1      | 57 ||| SHOPLISTING ring "Eckir" {EV+5 Dex+3} (690 gold,
                  | have 3).
    57 | D:1      | 57 ||| SHOPLISTING ring of protection from cold (350 gold,
                  | have 3).
    77 | D:1      | Reached XP level 2. HP: 15/16 MP: 3/3
   146 | D:1      | Reached skill level 3 in Ranged Weapons
   261 | D:1      | Reached XP level 3. HP: 21/21 MP: 4/4
   512 | D:1      | Found Wusch's Antique Weapon Boutique.
   519 | D:1      | 519 ||| SHOPLISTING iridescent hand crossbow (144 gold,
                  | have 14).
   806 | D:1      | 806 ||| UPGRADING to +5 ring of evasion.
   807 | D:1      | 807 ||| READING scroll labelled NEFFUM VADES.
   808 | D:1      | 808 ||| READING scroll labelled PUFOWI GOAMPAA.
   811 | D:1      | 811 ||| READING scroll labelled IDWYIDWEZU.
   812 | D:1      | 812 ||| DROPPING scroll of poison.
   868 | D:2      | Found a runed translucent door.
   869 | D:2      | Noticed Crazy Yiuf
  1103 | D:2      | Found Xasojod's Magic Scroll Shop.
  1106 | D:2      | 1106 ||| SHOPLISTING scroll of brand weapon (114 gold, have
                  | 63).
  1106 | D:2      | 1106 ||| SHOPLISTING scroll of enchant armour (90 gold,
                  | have 63).
  1106 | D:2      | 1106 ||| SHOPLISTING scroll of enchant weapon (90 gold,
                  | have 63).
  1106 | D:2      | 1106 ||| BUYING scroll of identify (24 gold).
  1106 | D:2      | Bought a scroll of identify for 24 gold pieces
  1106 | D:2      | 1106 ||| BUYING scroll of identify (24 gold).
  1106 | D:2      | Bought a scroll of identify for 24 gold pieces
  1106 | D:2      | 1106 ||| SHOPLISTING scroll of teleportation (36 gold, have
                  | 15).
  1132 | D:2      | Noticed Terence
  1145 | D:2      | HP: 5/21 [Terence/+0 short sword (2)]
  1146 | D:2      | 1146 ||| READING scroll of teleportation.
  1157 | D:2      | HP: 4/21 [Terence/+0 short sword (2)]
  1162 | D:2      | HP: 4/21 [Terence/+0 short sword (1)]
  1165 | D:2      | Killed Terence
  1166 | D:2      | Reached skill level 4 in Ranged Weapons
  1166 | D:2      | Reached XP level 4. HP: 6/26 MP: 5/5
  1668 | D:2      | 1668 ||| UPGRADING to +0 leather armour.
  1678 | D:2      | 1678 ||| DROPPING +0 robe.
  1679 | D:2      | 1679 ||| UPGRADING to +0 ring mail.
  1689 | D:2      | 1689 ||| DROPPING +0 leather armour.
  1690 | D:2      | 1690 ||| UPGRADING to +0 pair of boots.
  1695 | D:2      | 1695 ||| DRINKING 2 bubbling coppery potions.
  1696 | D:2      | 1696 ||| READING 3 scrolls of identify.
  1696 | D:2      | 1696 ||| IDENTIFYING coppery potion
  1697 | D:2      | 1697 ||| READING 2 scrolls of identify.
  1697 | D:2      | 1697 ||| IDENTIFYING pink potion
  1698 | D:2      | 1698 ||| DROPPING potion of lignification.
  1739 | D:3      | 1739 ||| STAIRDANCE
  1844 | D:3      | 1844 ||| STAIRDANCE
  1847 | D:2      | Reached skill level 1 in Armour
  1998 | D:3      | Noticed Ijyb
  2001 | D:3      | Paralysed by Ijyb for 2 turns
  2008 | D:3      | Paralysed by Ijyb for 2 turns
  2021 | D:3      | HP: 6/26 [Ijyb/+0 club (2)]
  2034 | D:3      | HP: 5/26 [Ijyb/+0 club (5)]
  2041 | D:3      | HP: 2/26 [Ijyb/+0 club (5)]
  2046 | D:3      | Killed Ijyb
  2047 | D:3      | Reached XP level 5. HP: 5/30 MP: 6/6
  2196 | D:3      | HP: 3/30 [gnoll/+0 halberd (8)]
  2201 | D:3      | HP: 3/30 [gnoll/+0 spear (2)]
  2208 | D:3      | Slain by a gnoll

Levels and vault maps discovered:
D:1:      dpeg_arrival_simpleton_a, layout_basic, serial_shops, shop_fountains,
          nicolae_shop_dealshenge, nicolae_titane
D:2:      layout_loops_ring, serial_shops, nicolae_shop_rolled_up,
          uniq_crazy_yiuf_cottage, uniq_terence
D:3:      layout_basic, minmay_unequal, uniq_ijyb

Skill      XL: |  1  2  3  4 |
---------------+-------------+-----
Ranged Weapons | 3 4 |  4.9
Fighting       | 2 |  2.0
Armour         | 1 |  1.2
Dodging        | |  1.5
Spellcasting   | |  1.0
Hexes          | |  2.6

Action                     |  1- 3 |  4- 6 || total
---------------------------+-------+-------++-------
   Fire: Sling             |   137 |    97 ||   234
    Use: Scroll            |     4 |     2 ||     6
         Potion            |       |     1 ||     1
 Armour: Robe              |    22 |       ||    22
         Ring mail         |       |    28 ||    28
  Dodge: Dodged            |    64 |    62 ||   126

Table legend:
 A = Non-vault XP
 B = Vault XP
 C = Vault XP percentage of total XP
 D = Non-vault monster count
 E = Vault monster count
 F = Vault count percentage of total count
                 A         B        C        D         E       F
            +---------+---------+-------+---------+---------+-------
      Total |     149 |      72 |  32.6 |      45 |       2 |   4.3
            +---------+---------+-------+---------+---------+-------
        D:1 |      45 |       0 |   0.0 |      26 |       0 |   0.0
        D:2 |      56 |      36 |  39.1 |      12 |       1 |   7.7
        D:3 |      48 |      36 |  42.9 |       7 |       1 |  12.5
            +---------+---------+-------+---------+---------+-------
